 Dungeon Sprint DCSS version 0.19.0-18-g426998a (webtiles) character file.

21572 equalderp2856 the Eviscerator (level 12, -17/59 HPs)
             Began as a Felid Fighter on Nov 11, 2016.
             Killed from afar by a fire dragon (28 damage)
             ... with a blast of flame
             ... in the Dungeon (Sprint IX: "|||||||||||||||||||||||||||||").
             The game lasted 01:25:55 (19167 turns).

equalderp2856 the Eviscerator (Felid Fighter)      Turns: 19167, Time: 01:25:56

Health: -17/59     AC:  3    Str: 14    XL:     12   Next: 55%
Magic:  12/28      EV: 35    Int: 15    God:
Gold:   680        SH:  0    Dex: 19    Spells: 8 memorised, 19 levels left
                                        Lives:  0   Deaths: 3

rFire  . . .     SeeInvis +       - Unarmed
rCold  + . .     Gourm    .     (armour unavailable)
rNeg   . . .     Faith    .     (shield unavailable)
rPois  .         Spirit   .     (helmet unavailable)
rElec  .         Reflect  .     (cloak unavailable)
rCorr  .         Harm     .     (gloves unavailable)
MR     +....     NoTele   +     (boots unavailable)
Stlth  +++++++...               (no amulet)
                                n - +3 ring of intelligence
                                m - +3 ring of dexterity

@: repel missiles, quick
A: no armour, no weapons or thrown items, stealth, claws 1, fangs 3, see
invisible, carnivore 3, speed 1, shaggy fur 3, slow metabolism 1, sharp paws
a: no special abilities


You were in the Dungeon.
You were full.

You visited 1 branch You collected 1920 gold pieces.
You spent 1240 gold pieces at shops.

Inventory:

Hand Weapons
 t - a +2 scimitar of flaming
Jewellery
 m - a +3 ring of dexterity (left paw)
 n - a +3 ring of intelligence (right paw)
 x - an uncursed ring of fire
 y - an uncursed ring of stealth
 z - an uncursed ring of protection from fire
 A - an uncursed ring of poison resistance
Wands
 l - a wand of iceblast (5/15)
Scrolls
 h - a scroll of blinking
 j - 3 scrolls of remove curse
 k - 2 scrolls of amnesia
 q - a scroll of recharging
 r - 3 scrolls of identify
 s - a scroll of fear
 B - a scroll of fog
Potions
 a - 2 potions of might
 c - a potion of curing
 d - a potion of agility
 e - a potion of haste
 f - 4 potions of magic
 g - a potion of berserk rage
 i - a potion of invisibility
 o - 2 potions of cure mutation
 p - a potion of resistance
 w - a potion of lignification {unknown}
Books
 u - a book of Cantrips

   Spells                             Type                      Level
   a - Confusing Touch                Hexes                        1
   b - Animate Skeleton               Necromancy                   1
   c - Summon Small Mammal            Summoning                    1
   d - Apportation                    Translocation                1
 v - a book of Minor Magic

   Spells                             Type                      Level
   a - Magic Dart                     Conjuration                  1
   b - Blink                          Translocation                2
   c - Call Imp                       Summoning                    2
   d - Repel Missiles                 Charms/Air                   2
   e - Slow                           Hexes                        2
   f - Conjure Flame                  Conjuration/Fire             3
   g - Mephitic Cloud                 Conjuration/Poison/Air       3
 C - a book of Power

   Spells                             Type                      Level
   a - Fulminant Prism                Conjuration/Hexes            4
   b - Iskenderun's Mystic Blast      Conjuration                  4
   c - Venom Bolt                     Conjuration/Poison           5
   d - Bolt of Magma                  Conjuration/Fire/Earth       5
   e - Iron Shot                      Conjuration/Earth            6
   f - Orb of Destruction             Conjuration                  7
   g - Spellforged Servitor           Conjuration/Summoning        7
 D - a book of Maledictions

   Spells                             Type                      Level
   a - Corona                         Hexes                        1
   b - Ensorcelled Hibernation        Hexes/Ice                    2
   c - Confuse                        Hexes                        3
   d - Tukima's Dance                 Hexes                        3
   e - Dazzling Spray                 Conjuration/Hexes            3
Comestibles
 b - 9 meat rations


   Skills:
 - Level 10.8 Fighting
 * Level 19.1 Dodging
 * Level 16.7 Stealth
 * Level 24.4 Unarmed Combat
 * Level 11.2 Spellcasting
 * Level 7.5 Conjurations
 * Level 4.1 Hexes
 + Level 3.4 Summonings
 * Level 4.4 Necromancy
 + Level 5.7 Translocations
 + Level 1.1 Ice Magic
 + Level 0.3 Air Magic


You had 19 spell levels left.
You knew the following spells:

 Your Spells              Type           Power        Failure   Level  Hunger
a - Magic Dart            Conj           ####         1%          1    None
b - Blink                 Tloc           N/A          1%          2    None
c - Animate Skeleton      Necr           N/A          1%          1    None
d - Summon Small Mammal   Summ           ###.         1%          1    None
e - Repel Missiles        Chrm/Air       #.....       14%         2    None
f - Slow                  Hex            ###.....     2%          2    None
g - Conjure Flame         Conj/Fire      ###.....     6%          3    None
h - Ensorcelled Hibernat  Hex/Ice        ###...       6%          2    None


Dungeon Overview and Level Annotations

Branches:
Dungeon (1/1)

Altars:
Cheibriados
Dithmenos
Elyvilon
Fedhas
Gozag
Hepliaklqana
Kikubaaqudgha
Makhleb
Nemelex Xobeh
Okawaru
Qazlal
Ru
Sif Muna
Trog
Uskayaw
Vehumet
Xom
Yredelemnul
Zin
The Shining One
Beogh
Jiyva
Lugonu

Shops:
D *[?:

Annotations:
D exclusion: very ugly thing


Innate Abilities, Weirdness & Mutations

You cannot wear armour.
You are incapable of wielding weapons or throwing items.
Your paws allow you to move quietly. (Stealth)
You have sharp claws.
You have razor-sharp teeth.
You have supernaturally acute eyesight. (SInv)
You are carnivorous and can eat meat at any time.
You cover ground quickly.
Your thick and shaggy fur keeps you warm. (AC +3, rC+)
You have a slow metabolism.
Your sharp claws are effective at attacking unaware monsters.


Message History

You bite the fire dragon, but do no damage.
You claw the fire dragon!
The fire dragon is lightly wounded.
The fire dragon completely misses you. x3
You scratch the fire dragon.
The fire dragon is lightly wounded.
The fire dragon breathes flames at you.
The blast of flame hits the fire dragon.
The fire dragon resists.
The blast of flame hits you!
Ouch! That really hurt!
* * * LOW HITPOINT WARNING * * *
The fire dragon closely misses you. The fire dragon misses you.
The fire dragon completely misses you.
Okay, then.
Casting: Ensorcelled Hibernation
Confirm with . or Enter, or press ? or * to list all spells.
You blink.
The fire dragon breathes flames at you. The blast of flame hits you!
You die...

,*,*,*,*,*,*,*,▓.▓.▓.▓.▓)▓.▓.▓.▓.
,*,*,*,*,*,*,*,▓D▓.▓.▓.▓[▓.▓.▓.▓.
,*,*,*,*,*,*,*,▓'▓.▓.▓.▓)▓.▓.▓)▓?
,*,*,*,*,*,*,*,▓D▓.▓)▓)▓)▓.▓.▓)▓.
,*,*,*,*,*,*,*,▓.▓.▓(▓(▓)▓.▓.▓.▓.
,*,*,*,*,*,*,*,▓.▓.▓(▓.▓.▓.▓.▓.▓(
,*,*,*,*,*,*,*,▓.▓.▓.▓(▓.▓.▓'▓.▓.
,*,*,*,*,*,*+*,▓.▓)▓.▓(▓.▓.▓.▓.▓.
,*,*,*,*,*,*,*,▓@▓.▓.▓.▓.▓.▓.▓)▓.
,*,*+*,*,*,*,*,▓.▓.▓.▓.▓.▓.▓.▓)▓.
,*,*,*,*,*,*,*,▓(▓)▓.▓(▓'▓.▓.▓.▓.
,*,*,*,*,*,*,*,▓)▓.▓.▓.▓.▓.▓.▓.▓.
+*,*,*,*+*,*,*,▓.▓.▓.▓.▓.▓.▓.▓.▓'
,*,*,*,*,*,*,*,▓.▓.▓.▓.▓.▓.▓.▓.▓.
,*,*,*,*,*,*,*,▓.▓.▓.▓.▓.▓.▓.▓.▓.
,*,*,*,*,*,*,*,▓.▓.▓.▓.▓.▓.▓.▓.▓.
,*,*,*,*,*,*,*,▓.▓.▓.▓.▓.▓.▓.▓.▓.


You could see 2 fire dragons.

Vanquished Creatures
  Saint Roka (D)
  A very ugly thing (D)
  3 stone giants (D)
  Azrael (D)
  A merfolk javelineer (D)
  An ettin (D)
  2 fire dragons (D)
  2 yaktaur captains (D)
  A rakshasa (D)
  2 ice dragons (D)
  2 hydras (D)
  2 centaur warriors (D)
  Erica (D)
  3 alligators (D)
  2 deep troll earth magi (D)
  2 naga sharpshooters (D)
  Sonja (D)
  2 sea snakes (D)
  A hill giant (D)
  10 orc knights (D)
  An orb spider (D)
  A shambling mangrove (D)
  A wolf spider (D)
  2 black mambas (D)
  2 sirens (D)
  3 naga magi (D)
  A guardian serpent (D)
  A water nymph (D)
  4 spiny frogs (D)
  A yaktaur (D)
  A jumping spider (shapeshifter) (D)
  A jumping spider (D)
  A merfolk (D)
  A two-headed ogre (D)
  A hornet (D)
  A slime creature (D)
  A blink frog (D)
  2 hippogriffs (D)
  A snapping turtle (D)
  A tarantella (D)
  A water elemental (D)
  A redback (D)
  A yak (D)
  A basilisk (D)
  A yak (shapeshifter) (D)
  A fire elemental (D)
  A vampire mosquito (D)
  A mottled dragon (D)
  2 water moccasins (D)
  2 porcupines (D)
  8 hell hounds (D)
  2 nagas (D)
  A swamp drake (D)
  A sky beast (D)
  An eye of draining (D)
  16 orc warriors (D)
  5 wolves (D)
  3 crocodiles (D)
  A big kobold (D)
  4 bullfrogs (D)
  A howler monkey (D)
  A crimson imp (D)
  3 hounds (D)
  4 orc wizards (D)
  7 orc priests (D)
  2 jellies (D)
  An adder (D)
  A river rat (shapeshifter) (D)
  A leopard gecko (D)
  8 orcs (D)
  2 bats (D)
  A jackal (D)
  A frilled lizard (D)
  A leopard gecko skeleton (D)
  2 rats (D)
159 creatures vanquished.

Vanquished Creatures (collateral kills)
  A moth of wrath (D)
  A torpor snail (D)
  A tarantella (D)
3 creatures vanquished.

Vanquished Creatures (others)
  A spatial maelstrom (D)
1 creature vanquished.

Grand Total: 163 creatures vanquished

Notes
Turn   | Place    | Note
-------+----------+-------------------------------------------
     0 | D        | equalderp2856 the Felid Fighter began the quest for the Orb.
     0 | D        | Reached XP level 1. HP: 10/10 MP: 2/2
     4 | D        | Banished a spatial maelstrom
    39 | D        | Noticed a hound
    39 | D        | Noticed a crimson imp
    42 | D        | Reached skill level 5 in Unarmed Combat
    43 | D        | Reached XP level 2. HP: 5/14 MP: 3/3
   260 | D        | Reached skill level 5 in Dodging
   260 | D        | Reached skill level 6 in Unarmed Combat
   260 | D        | Reached XP level 3. HP: 18/18 MP: 4/4
   275 | D        | Reached skill level 7 in Unarmed Combat
   275 | D        | Reached XP level 4. HP: 22/22 MP: 5/5
   283 | D        | Found a roughly hewn altar of Beogh.
   283 | D        | Found a snail-covered altar of Cheibriados.
   283 | D        | Found a shadowy altar of Dithmenos.
   283 | D        | Found a white marble altar of Elyvilon.
   283 | D        | Found a blossoming altar of Fedhas.
   283 | D        | Found an opulent altar of Gozag.
   284 | D        | Found a hazy altar of Hepliaklqana.
   285 | D        | Found a viscous altar of Jiyva.
   286 | D        | Found an ancient bone altar of Kikubaaqudgha.
   287 | D        | Found a corrupted altar of Lugonu.
   288 | D        | Found a burning altar of Makhleb.
   289 | D        | Found a sparkling altar of Nemelex Xobeh.
   290 | D        | Found an iron altar of Okawaru.
   291 | D        | Found a stormy altar of Qazlal.
   292 | D        | Found a sacrificial altar of Ru.
   293 | D        | Found a deep blue altar of Sif Muna.
   294 | D        | Found a bloodstained altar of Trog.
   295 | D        | Found a hide-covered altar of Uskayaw.
   296 | D        | Found a radiant altar of Vehumet.
   297 | D        | Found a shimmering altar of Xom.
   298 | D        | Found a basalt altar of Yredelemnul.
   299 | D        | Found a glowing silver altar of Zin.
   300 | D        | Found a glowing golden altar of the Shining One.
   377 | D        | Noticed a sky beast
   377 | D        | Noticed a hill giant
   377 | D        | Noticed a water moccasin
   377 | D        | Noticed a big kobold
   383 | D        | Reached skill level 8 in Unarmed Combat
   460 | D        | Mangled by a hill giant
   461 | D        | Reached XP level 3. HP: -11/19 MP: 4/4
   531 | D        | Noticed a vampire mosquito
   531 | D        | Noticed a bullfrog
   531 | D        | Noticed a two-headed ogre
   531 | D        | Noticed a mottled dragon
   547 | D        | Killed a vampire mosquito
   547 | D        | Reached skill level 5 in Fighting
   547 | D        | Reached skill level 10 in Unarmed Combat
   547 | D        | Reached XP level 4. HP: 2/24 MP: 5/5
   547 | D        | Reached XP level 5. HP: 3/27 MP: 6/6
   628 | D        | Reached skill level 11 in Unarmed Combat
   628 | D        | Gained mutation: You are covered in thick fur. (AC +2) [Felid growth]
   628 | D        | Reached XP level 6. HP: 19/31 MP: 7/7
   630 | D        | Reached skill level 10 in Dodging
   638 | D        | Killed a two-headed ogre
   638 | D        | Reached skill level 12 in Unarmed Combat
   638 | D        | Reached XP level 7. HP: 22/35 MP: 8/8
   834 | D        | Reached skill level 13 in Unarmed Combat
  1006 | D        | Reached skill level 1 in Stealth
  1284 | D        | Killed a hill giant
  1284 | D        | Reached skill level 14 in Unarmed Combat
  1284 | D        | Reached XP level 8. HP: 40/40 MP: 9/9
  1545 | D        | Noticed a blink frog
  1545 | D        | Noticed a spiny frog
  1553 | D        | Killed a spiny frog
  1553 | D        | Reached skill level 15 in Unarmed Combat
  1561 | D        | Reached XP level 9. HP: 44/44 MP: 10/10
  1579 | D        | Reached skill level 16 in Unarmed Combat
  1715 | D        | Noticed a four-headed hydra
  1728 | D        | Killed a four-headed hydra
  1728 | D        | Reached skill level 5 in Stealth
  1728 | D        | Reached skill level 17 in Unarmed Combat
  1963 | D        | Noticed a black mamba
  1971 | D        | Killed a black mamba
  1971 | D        | Reached skill level 18 in Unarmed Combat
  1971 | D        | Reached XP level 10. HP: 37/48 MP: 11/11
  2018 | D        | Reached skill level 15 in Dodging
  2219 | D        | Noticed Erica
  2231 | D        | Killed Erica
  2231 | D        | Reached skill level 19 in Unarmed Combat
  2674 | D        | Noticed an orc knight
  2676 | D        | Killed an orc knight
  3606 | D        | Reached skill level 20 in Unarmed Combat
  3634 | D        | Found Nuorezi's Book Boutique.
  3634 | D        | Noticed an orc knight
  3634 | D        | Noticed an orc knight
  3634 | D        | Noticed an orc knight
  3634 | D        | Noticed an orc knight
  3639 | D        | Noticed an orc knight
  3641 | D        | Killed an orc knight
  3807 | D        | Killed an orc knight
  3807 | D        | Reached XP level 11. HP: 52/52 MP: 12/12
  4182 | D        | Killed an orc knight
  4503 | D        | Killed an orc knight
  4850 | D        | Killed an orc knight
  4900 | D        | Noticed an orc knight
  4907 | D        | Killed an orc knight
  4907 | D        | Reached skill level 21 in Unarmed Combat
  4920 | D        | Found Pinkuett's Magic Scroll Shop.
  4924 | D        | Found Nuerusemo's Armour Boutique.
  4927 | D        | Found Linlumpoe's Assorted Antiques.
  4928 | D        | Noticed an orc knight
  4929 | D        | Noticed an orc knight
  4930 | D        | Noticed an orc knight
  4941 | D        | Killed an orc knight
  4941 | D        | Reached skill level 10 in Stealth
  4946 | D        | Killed an orc knight
  5546 | D        | Killed an orc knight
  6218 | D        | Bought a scroll of magic mapping for 35 gold pieces
  6264 | D        | Bought a book of Minor Magic for 200 gold pieces
  6280 | D        | Learned a level 1 spell: Magic Dart
  6295 | D        | Noticed Sonja
  6302 | D        | Killed Sonja
  6302 | D        | Reached skill level 1 in Spellcasting
  6418 | D        | Noticed a centaur warrior
  6420 | D        | Killed a centaur warrior
  6912 | D        | Noticed a rakshasa
  6913 | D        | Noticed an ettin
  6914 | D        | Noticed a stone giant
  6915 | D        | Noticed a fire dragon
  6916 | D        | Noticed a deep troll earth mage
  6923 | D        | Killed a rakshasa
  6923 | D        | Reached skill level 22 in Unarmed Combat
  6923 | D        | Reached skill level 1 in Conjurations
  6924 | D        | Noticed a green very ugly thing
  7345 | D        | Killed a stone giant
  7345 | D        | Reached skill level 5 in Spellcasting
  7442 | D        | Killed an ettin
  7442 | D        | Gained mutation: Your thick and shaggy fur keeps you warm. (AC +3, rC+) [Felid growth]
  7442 | D        | Reached XP level 12. HP: 56/56 MP: 19/21
  7460 | D        | Killed a fire dragon
  7803 | D        | Killed a deep troll earth mage
  8437 | D        | Killed a green very ugly thing
  8673 | D        | Noticed an ice dragon
  8689 | D        | Killed an ice dragon
  9022 | D        | Noticed Azrael
  9356 | D        | Killed Azrael
  9935 | D        | Bought a book of Cantrips for 200 gold pieces
 10067 | D        | Learned a level 2 spell: Blink
 10839 | D        | Bought a book of Power for 450 gold pieces
 11093 | D        | Reached skill level 1 in Translocations
 11097 | D        | Shot with an arrow by a naga sharpshooter
 11098 | D        | Reached XP level 11. HP: -17/53 MP: 19/23
 11179 | D        | Noticed Saint Roka
 11550 | D        | Killed Saint Roka
 11550 | D        | Reached skill level 23 in Unarmed Combat
 11903 | D        | Noticed a sea snake
 11903 | D        | Noticed a merfolk javelineer
 11903 | D        | Noticed a sea snake
 11919 | D        | Killed a sea snake
 11919 | D        | Reached XP level 12. HP: 31/58 MP: 23/25
 12368 | D        | Reached skill level 5 in Translocations
 12412 | D        | Killed a merfolk javelineer
 12412 | D        | Reached skill level 15 in Stealth
 12496 | D        | Reached skill level 5 in Conjurations
 12671 | D        | Reached skill level 10 in Fighting
 12885 | D        | Learned a level 1 spell: Animate Skeleton
 13048 | D        | Learned a level 1 spell: Summon Small Mammal
 13654 | D        | Noticed an alligator
 13654 | D        | Noticed an alligator
 13654 | D        | Noticed a four-headed hydra
 13654 | D        | Noticed an alligator
 13822 | D        | Killed an alligator
 13822 | D        | Reached skill level 1 in Summonings
 14324 | D        | Killed an alligator
 14365 | D        | Killed a four-headed hydra
 14509 | D        | Killed an alligator
 14954 | D        | Reached skill level 1 in Necromancy
 15099 | D        | Reached skill level 10 in Spellcasting
 15181 | D        | HP: 2/59 [poisoned by a naga sharpshooter (splash of poison)]
 15188 | D        | HP: 2/59 [poisoned by a naga sharpshooter (splash of poison)]
 16405 | D        | Noticed a deep troll earth mage
 16405 | D        | Noticed an ice dragon
 16405 | D        | Noticed a stone giant
 16405 | D        | Noticed a centaur warrior
 16405 | D        | Noticed a yaktaur captain
 16406 | D        | Noticed a stone giant
 16944 | D        | Bought a potion of curing for 81 gold pieces
 16960 | D        | Bought a red potion for 24 gold pieces
 17277 | D        | Bought a book of Maledictions for 250 gold pieces
 17377 | D        | Learned a level 2 spell: Repel Missiles
 17380 | D        | Learned a level 2 spell: Slow
 17520 | D        | Slain by a yaktaur captain
 17521 | D        | Reached XP level 11. HP: -1/55 MP: 26/26
 17531 | D        | Killed a yaktaur captain
 17531 | D        | Reached skill level 24 in Unarmed Combat
 17531 | D        | Reached XP level 12. HP: 59/59 MP: 27/27
 17869 | D        | Learned a level 3 spell: Conjure Flame
 17895 | D        | Learned a level 2 spell: Ensorcelled Hibernation
 18143 | D        | Killed a stone giant
 18161 | D        | Killed a centaur warrior
 18537 | D        | Killed an ice dragon
 18582 | D        | Noticed a fire dragon
 18718 | D        | Killed a stone giant
 18755 | D        | Killed a fire dragon
 18761 | D        | Noticed a yaktaur captain
 18997 | D        | Killed a yaktaur captain
 19068 | D        | Killed a deep troll earth mage
 19068 | D        | Reached skill level 1 in Ice Magic
 19153 | D        | Noticed a fire dragon
 19160 | D        | Noticed a fire dragon
 19161 | D        | Noticed a stone giant
 19167 | D        | Killed from afar by a fire dragon

Skill      XL: |  1  2  3  4  5  6  7  8  9 10 11 12 |
---------------+-------------------------------------+-----
Unarmed Combat | 5 6 10 8 11 12 14 15 18 20 24 | 24.4
Fighting       | 4 5 6 7 8 10 | 10.8
Dodging        | 5 8 7 9 11 12 13 14 16 18 19 | 19.1
Stealth        | 1 3 5 8 13 16 | 16.7
Spellcasting   | 8 11 | 11.2
Conjurations   | 4 7 |  7.5
Translocations | 4 5 |  5.7
Summonings     | 3 2 |  3.4
Necromancy     | 4 |  4.4
Hexes          | 4 |  4.1
Ice Magic      | 1 |  1.1
Air Magic      | |  0.3

Action                   |  1- 3 |  4- 6 |  7- 9 | 10-12 || total
-------------------------+-------+-------+-------+-------++-------
Melee: Unarmed           |    47 |    27 |   105 |   548 ||   727
       Bite              |     5 |     1 |    19 |    85 ||   110
       Punch             |     2 |       |     6 |    51 ||    59
 Cast: Magic Dart        |       |       |       |    80 ||    80
       Blink             |       |       |       |    41 ||    41
       Summon Small Mamm |       |       |       |    29 ||    29
       Ensorcelled Hiber |       |       |       |    21 ||    21
       Animate Skeleton  |       |       |       |     7 ||     7
       Repel Missiles    |       |       |       |     2 ||     2
Evoke: Wand              |       |       |       |     2 ||     2
  Use: Potion            |     2 |     1 |       |    14 ||    17
       Scroll            |       |       |       |     5 ||     5
 Stab: Sleeping          |       |       |     1 |     9 ||    10
       Distracted        |       |       |       |     8 ||     8
  Eat: Chunk             |     2 |       |       |    11 ||    13
       Meat ration       |       |       |       |     4 ||     4
Armor: Skin              |     4 |       |     1 |    10 ||    15
Dodge: Dodged            |    54 |    22 |    82 |   330 ||   488
       Deflected         |       |       |       |     5 ||     5
